 Dungeon Crawl Stone Soup version 0.27.0-1-g7a089689b8 (webtiles) character file.

Game seed: 1308952218030959262

2783 Dann the Covert (level 9, -3/62 HPs)
             Began as an Octopode Fighter on Aug 11, 2021.
             Killed from afar by Erica (26 damage)
             ... with a bolt of poison
             ... on level 8 of the Dungeon.
             The game lasted 00:24:39 (8902 turns).

Dann the Covert (Octopode Fighter)                  Turns: 8902, Time: 00:24:39

Health: -3/62      AC:  1    Str: 25    XL:     9   Next: 70%
Magic:  9/9        EV: 14    Int: 10    God:
Gold:   408        SH: 11    Dex: 17    Spells: 8/8 levels left

rFire    + . .     SeeInvis .   I - +3 scimitar
rCold    . . .     Faith    .   b - +0 kite shield
rNeg     . . .     Spirit   .   (helmet restricted)
rPois    .         Reflect  .   s - amulet of regeneration
rElec    .         Harm     .   p - +6 ring of strength
rCorr    .         Rampage  .   t - ring of protection from fire
Will     .....                  H - +6 ring of dexterity
Stlth    +++++.....             J - ring of flight
HPRegen  1.20/turn              (no ring)
MPRegen  0.11/turn              (no ring)
                                (no ring)
                                (no ring)

@: lethally poisoned (-3 -> -9), flying, slowed, very slow
A: almost no armour, amphibious, 8 rings, camouflage 1, gelatinous body 1,
(nimble swimmer 1), tentacles
a: no special abilities


You were on level 8 of the Dungeon.
You visited 2 branches of the dungeon, and saw 9 of its levels.

You collected 408 gold pieces.

Inventory:

Hand Weapons
 a - a +0 long sword
 I - a +3 scimitar (weapon)
Armour
 b - a +0 kite shield (worn)
 d - a +0 robe
Jewellery
 p - a +6 ring of strength (left tentacle)
 s - an amulet of regeneration (around mantle)
 t - a ring of protection from fire (right tentacle)
 u - an amulet of the acrobat
 w - an amulet of magic regeneration
 y - a ring of ice
 D - a ring of magical power
 H - a +6 ring of dexterity (on tentacle)
 J - a ring of flight (on tentacle)
Wands
 m - a wand of mindburst (26)
 o - a wand of acid (8)
 x - a wand of paralysis (10)
Scrolls
 e - a scroll of enchant armour {unknown}
 g - a scroll of blinking {unknown}
 h - 2 scrolls of teleportation {unknown}
 i - 11 scrolls of identify {unknown}
 k - a scroll of magic mapping {unknown}
 l - a scroll of noise {unknown}
 n - a scroll of vulnerability {unknown}
 C - a scroll of fear {unknown}
 F - 2 scrolls of immolation {unknown}
Potions
 c - 2 potions of might
 f - a potion of resistance {unknown}
 j - 4 potions of curing {unknown}
 q - 2 potions of degeneration {unknown}
 r - a potion of brilliance {unknown}
 v - a potion of mutation {unknown}
 z - a potion of ambrosia {unknown}
 A - 2 potions of heal wounds {unknown}
 B - a potion of lignification {unknown}
 E - a potion of invisibility {unknown}
 G - a potion of attraction {unknown}


   Skills:
 + Level 6.0 Fighting
 + Level 8.3 Long Blades
 + Level 5.6 Dodging
 + Level 8.7 Stealth
 + Level 4.9 Shields


You had 8 spell levels left.
You didn't know any spells.
Your spell library contained the following spells:

 Spells                   Type           Power      Damage    Failure   Level
 Animate Skeleton         Necr           0%         N/A       80%         1
 Magic Dart               Conj           0%         1d3       80%         1
 Pain                     Necr           0%         1d4       80%         1
 Searing Ray              Conj           0%         3d3       91%         2
 Slow                     Hex            0%         N/A       91%         2
 Confusing Touch          Hex            0%         N/A       99%         3
 Vampiric Draining        Necr           0%         2d6       99%         3
 Fulminant Prism          Conj/Hex       0%         3d6       100%        4


Dungeon Overview and Level Annotations

Branches:
Dungeon (8/15)             Temple (1/1) D:6
   Lair: D:8-11

Altars:
Ashenzari
Cheibriados
Dithmenos
Elyvilon
Fedhas
Gozag
Hepliaklqana
Kikubaaqudgha
Nemelex Xobeh
Okawaru
Qazlal
Ru
Trog
Uskayaw
Vehumet
Wu Jian
Xom
Yredelemnul
Zin
The Shining One

Shops:
D:3 (=?[   D:4 *

Annotations:
D:8 3 runed translucent doors, Erica; cada's ghost, novice DgEE


Innate Abilities, Weirdness & Mutations

You cannot wear most types of armour.
You are amphibious.
You can wear up to eight rings at the same time.
Your skin changes colour to match your surroundings (Stealth+).
Your rubbery body absorbs attacks. (AC +1, EV +1)
((You are camouflaged near water. (Stealth+)))
You have tentacles for arms and can constrict up to eight enemies at once.


Message History

A wight comes into view. It is wielding a +0 scimitar.
You hear some strange, mumbled words.
A bolt of poison appears from out of thin air!
The bolt of poison misses you.
Things that are here:
a +3 flail; a +0 robe
Things that are here:
a +3 flail; a +0 robe A gnoll sergeant comes into view.
It is wielding a +0 spear.
The gnoll sergeant moves out of view.
Things that are here:
a +3 flail; a +0 robe You slash something!
You block something's attack. Something hits you! Something burns you.
You miss something.
You hear some strange, mumbled words.
You feel yourself slow down.
You completely miss something. Something hits you!! Something burns you.
You hear a zap.
An iceblast appears from out of thin air!
The mass of ice explodes!
The iceblast engulfs you!
The iceblast engulfs something!
You hear a shout! x5
You hear some strange, mumbled words.
Something tries to affect you, but you resist.
You hear a zap.
An iceblast appears from out of thin air!
The mass of ice explodes!
The iceblast engulfs you!
* * * LOW HITPOINT WARNING * * *
You hear a shout! x2
You hear some strange, mumbled words.
Something tries to affect you, but you resist.
Something tries to affect you, but you resist.
A gnoll comes into view. It is wielding a +0 whip.
You hear some strange, mumbled words.
A bolt of poison appears from out of thin air!
The bolt of poison hits the wight.
The wight completely resists.
The bolt of poison hits you!!
You are poisoned.
You die...

...#...........#.....#
####.#####.#.........#
.......# #........#..#
.......# #.#####..#..#
.......# #.#....>.#..####
.......# #.#.###..#.....#
.......# #.....#..##.##.#
...#############..##.##.#
...# #.......###@###.##.#
#..###.......z.....#.##.#
............{#######.##.#
.............# #.##.#
..........z..# #....#
#....#.......# ######
#.########)###
..........g#
..........g.......


You could see a wight.

Vanquished Creatures
  A steam dragon (D:7)
  4 water moccasins
  A hornet zombie (D:8)
  An orc warrior (D:8)
  A necrophage (D:6)
  A phantom (D:5)
  3 centaurs
  A kobold brigand (D:6)
  3 bullfrogs
  4 scorpions
  2 water moccasin skeletons (D:5)
  3 killer bees (D:7)
  6 wights
  4 hounds
  2 jellies (D:6)
  5 orc priests
  2 centaur skeletons
  2 iguanas
  2 orc wizards
  A howler monkey skeleton (D:6)
  7 adders
  A gnoll (D:6)
  A shadow imp (D:5)
  2 ufetubi
  An adder skeleton (D:4)
  A worm (D:2)
  2 dart slugs
  25 orcs
  3 bats
  3 endoplasms
  2 giant cockroaches (D:2)
  5 goblins
  7 hobgoblins
  4 jackals (D:3)
  13 kobolds
  4 quokkas
  5 ball pythons
  3 frilled lizards (D:2)
  2 rats (D:1)
140 creatures vanquished.

Notes
Turn   | Place    | Note
-------+----------+-------------------------------------------
     0 | D:1      | Dann the Octopode Fighter began the quest for the Orb.
     0 | D:1      | Reached XP level 1. HP: 16/16 MP: 1/1
   532 | D:1      | Reached XP level 2. HP: 21/21 MP: 2/2
   593 | D:1      | Found a faded altar of an unknown god.
  1216 | D:2      | Reached XP level 3. HP: 20/26 MP: 3/3
  1782 | D:2      | Reached skill level 1 in Stealth
  2811 | D:3      | Found Oschu's Magic Scroll Emporium.
  2956 | D:3      | Found Atar's Jewellery Boutique.
  2964 | D:3      | Reached XP level 4. HP: 31/31 MP: 4/4
  3101 | D:3      | Found Icruasm's Antique Armour Emporium.
  3538 | D:3      | Found an iron altar of Okawaru.
  3632 | D:3      | Found Bathrihuo's Weapon Shop.
  4013 | D:4      | Identified the +1 leather armour of the Pits of Slime
                  | {Str+2}
  4209 | D:4      | Reached XP level 5. HP: 25/37 MP: 5/5
  4313 | D:4      | Noticed a +0 falchion
  4313 | D:4      | Noticed a +0 short sword
  4313 | D:4      | Noticed a +0 falchion
  4315 | D:4      | Noticed a +0 short sword
  4316 | D:4      | Noticed a +0 dagger
  4316 | D:4      | Noticed a +0 dagger
  4317 | D:4      | Noticed a +0 spear
  4319 | D:4      | Noticed a +0 spear
  4333 | D:4      | Found a hide-covered altar of Uskayaw.
  4595 | D:4      | Found Zin's Purification Station.
  4598 | D:4      | Found a glowing silver altar of Zin.
  5007 | D:5      | Entered Level 5 of the Dungeon
  5128 | D:5      | Reached XP level 6. HP: 37/43 MP: 6/6
  5179 | D:5      | Noticed a water moccasin
  5189 | D:5      | Killed a water moccasin
  5332 | D:5      | Reached XP level 7. HP: 46/48 MP: 7/7
  5360 | D:5      | Reached skill level 5 in Stealth
  5693 | D:5      | Found a stormy altar of Qazlal.
  6168 | D:6      | Reached skill level 5 in Long Blades
  6244 | D:6      | Found a staircase to the Ecumenical Temple.
  6325 | D:6      | Reached XP level 8. HP: 50/54 MP: 8/8
  6359 | Temple   | Entered the Ecumenical Temple
  6608 | D:6      | Found an ancient bone altar of Kikubaaqudgha.
  7117 | D:6      | Reached skill level 5 in Fighting
  7326 | D:7      | Reached skill level 5 in Dodging
  7518 | D:7      | Reached XP level 9. HP: 50/61 MP: 9/9
  8621 | D:8      | Found a runed translucent gate.
  8621 | D:8      | Found a runed translucent gate.
  8622 | D:8      | Found a runed translucent gate.
  8623 | D:8      | Noticed cada's ghost (novice DgEE)
  8857 | D:8      | Noticed Erica
  8902 | D:8      | Killed from afar by Erica

Illustrated notes

Levels and vault maps discovered:
D:1:      saegor_arrival_simple_d, layout_loops_cross,
          dreamdust_ecumenical_altar_statues
D:2:      layout_basic, dk_vineyard_1
D:3:      layout_basic, marbit_many_paths, serial_shops,
          nicolae_shop_waterfront, shop, nicolae_shop_waterfront, shop
D:4:      layout_basic, nicolae_uskayaw_en_pointe, zin_purify,
          chequers_serial_rivers_micro_d
D:5:      layout_loops_corners, amcnicky_altar_gilded
D:6:      layout_gridville, old_standard_altar, minmay_temple_entry_arrows,
          nrook_pool_corridor, sigmund_army
D:7:      layout_layer_cave
D:8:      layout_basic, gammafunk_ghost_spectres, uniq_erica
Temple:   regret_index_temple_waves

Skill      XL: |  1  2  3  4  5  6  7  8  9 |
---------------+----------------------------+-----
Stealth        | 1 2 4 6 7 8 |  8.7
Long Blades    | 3 4 5 7 8 |  8.3
Fighting       | 4 5 6 |  6.0
Dodging        | 4 5 |  5.6
Shields        | 4 |  4.9

Action                   |  1- 3 |  4- 6 |  7- 9 || total
-------------------------+-------+-------+-------++-------
Melee: Long sword        |    71 |    69 |   117 ||   257
       Constrict         |    23 |    19 |    42 ||    84
       Tentacles         |    14 |    19 |    50 ||    83
       Scimitar          |       |       |    59 ||    59
 Stab: Sleeping          |     5 |    11 |    14 ||    30
Armor: Skin              |     8 |     5 |     8 ||    21
Dodge: Dodged            |    30 |    15 |    78 ||   123
Block: Kite shield       |    20 |    30 |    85 ||   135
       Rpst.: Long sword |     8 |     5 |    14 ||    27
       Scimitar          |       |       |     5 ||     5
